 Dungeon Crawl Stone Soup version 0.18-a0-816-g97f838e (webtiles) character file.

148 cluie the Conjurer (level 5, 37/37 HPs)
             Began as a Demonspawn Conjurer on Dec 15, 2015.
             Quit the game on level 3 of the Dungeon.
             The game lasted 00:05:37 (2559 turns).

cluie the Conjurer (Demonspawn Conjurer)            Turns: 2559, Time: 00:05:37

Health: 37/37      AC:  9    Str:  8    XL:     5   Next: 8%
Magic:  2/9        EV: 12    Int: 18    God:
Gold:   196        SH:  0    Dex: 12    Spells: 3 memorised, 2 levels left

rFire  . . .     SeeInvis .     g - +0 trident
rCold  . . .     Clarity  .     a - +0 robe
rNeg   + . .     SustAt   +     (no shield)
rPois  .         Gourm    .     (helmet restricted)
rElec  .         Spirit   .     j - +1 cloak
rCorr  .         Dismiss  .     (no gloves)
rMut   .         Stasis   .     h - +0 pair of boots
MR     .....                    (no amulet)
Stlth  ++........               q - ring of positive energy
                                n - ring of sustain attributes

@: not resistant to hostile enchantments, unstealthy
A: horns 1, rough black scales 1, demonic guardian 1, powered by death 1
a: no special abilities


You were on level 3 of the Dungeon.
You were not hungry.

You visited 1 branch of the dungeon, and saw 3 of its levels.

You collected 196 gold pieces.

Inventory:

Hand Weapons
 g - a +0 trident (weapon)
Armour
 a - a +0 robe (worn)
 h - a +0 pair of boots (worn)
 j - a +1 cloak (worn)
Jewellery
 n - a ring of sustain attributes (left hand)
 q - a ring of positive energy (right hand)
Scrolls
 i - 4 scrolls of remove curse
 l - 2 scrolls of identify {unknown}
 o - 2 scrolls of amnesia {unknown}
Potions
 d - a potion of haste {unknown}
 e - a potion of resistance {unknown}
 f - a potion of lignification {unknown}
 p - a potion of degeneration {unknown}
 r - a potion of heal wounds {unknown}
Books
 b - a book of Conjurations

   Spells                             Type                      Level
   a - Magic Dart                     Conjuration                  1
   b - Searing Ray                    Conjuration                  2
   c - Dazzling Spray                 Conjuration/Hexes            3
   d - Fulminant Prism                Conjuration/Hexes            4
   e - Iskenderun's Mystic Blast      Conjuration                  4
   f - Iskenderun's Battlesphere      Conjuration/Charms           5
Comestibles
 c - 2 bread rations
 k - a royal jelly
 m - 3 meat rations
 s - 5 chunks of flesh


   Skills:
 + Level 1.1 Fighting
 + Level 2.5 Dodging
 - Level 1.7 Stealth
 + Level 2.6 Spellcasting
 * Level 5.5 Conjurations


You had 2 spell levels left.
You knew the following spells:

 Your Spells              Type           Power        Failure   Level  Hunger
a - Magic Dart            Conj           ###.         1%          1    #......
b - Searing Ray           Conj           ###...       2%          2    ##.....
c - Iskenderun's Mystic   Conj           ###.....     21%         4    #####..


Dungeon Overview and Level Annotations

Branches:
Dungeon (3/15)

Altars:
Ashenzari
Dithmenos
Qazlal
Zin

Annotations:
D:3 Grinder; cluie's ghost, amateur DsCj


Innate Abilities, Weirdness & Mutations

You have a pair of small horns on your head.
You are partially covered in rough black scales (AC +4, Dex -1).
A weak demonic guardian rushes to your aid.
You regenerate a little health from kills.


Message History

HP restored.
You start resting.
You feel less regenerative.
Items here: )) [ †† a hand axe; a leather armour; a dagger; an orc corpse; an orc corpse Butcher an orc corpse? [(y)es/(c)hoosy/(n)o/(a)ll/(e)dible/(q)uit/?]
Butcher an orc corpse? [(y)es/(c)hoosy/(n)o/(a)ll/(e)dible/(q)uit/?]
You butcher the orc corpse. x2
s - 4 chunks of flesh (gained 3);
s - 5 chunks of flesh (gained 1)
Things that are here:
a hand axe; a leather armour; a dagger There isn't anything to butcher here.
Unknown command.
This spell is slightly dangerous to cast.
Memorise Iskenderun's Mystic Blast, consuming 4 spell levels and leaving 2?
You start memorising the spell.
You continue memorising.
You continue memorising. x3
You finish memorising.
Spell assigned to 'c'.
Unknown command.
Are you sure you want to abandon this character and quit the game? (Confirm with "yes".)

#############.#####.#######
...#.............#.#
#.#.#######.###.#.# #...#
..... #.# #+###.###
#.##.#.# #.#
+_###.######.##.#.# #.#
#+###..)........# # #.# #
#.##.####.###.# #.#
###.###.#.....@.....#
......†)#..####.#####
###.....#..# .#
....#...#... .# ###
#.#.#..# ## #.#.##.#
#......# ###.#### ..#


There were no monsters in sight!

Vanquished Creatures
  An orc priest (D:3)
  3 adders (D:2)
  4 worms
  A giant gecko (D:2)
  5 orcs (D:3)
  A bat zombie (D:2)
  3 giant cockroaches
  8 hobgoblins
  3 jackals
  8 kobolds
  A quokka (D:3)
  A ball python (D:2)
  A ball python zombie (D:2)
  11 bats
  2 giant gecko skeletons (D:2)
  A giant newt (D:1)
  9 goblins
  2 jackal skeletons (D:2)
  5 rats
70 creatures vanquished.

Notes
Turn   | Place    | Note
--------------------------------------------------------------
     0 | D:1      | cluie the Demonspawn Conjurer began the quest for the Orb.
     0 | D:1      | Reached XP level 1. HP: 13/13 MP: 3/3
   334 | D:1      | Gained mutation: You are partially covered in rough black scales (AC +4, Dex -1). [demonic ancestry]
   334 | D:1      | Reached XP level 2. HP: 19/19 MP: 5/5
  1055 | D:2      | Gained mutation: You regenerate a little health from kills. [demonic ancestry]
  1055 | D:2      | Reached XP level 3. HP: 24/24 MP: 6/6
  1056 | D:2      | coool
  1157 | D:2      | Found a shattered altar of Ashenzari.
  1316 | D:2      | Learned a level 2 spell: Searing Ray
  1494 | D:2      | Reached skill level 5 in Conjurations
  1576 | D:2      | Found a glowing silver altar of Zin.
  1576 | D:2      | Found a shadowy altar of Dithmenos.
  1623 | D:2      | Gained mutation: You have a pair of small horns on your head. [demonic ancestry]
  1623 | D:2      | Reached XP level 4. HP: 31/31 MP: 7/7
  1856 | D:3      | Noticed Grinder
  1856 | D:3      | Noticed cluie's ghost (amateur DsCj)
  2483 | D:3      | Found a stormy altar of Qazlal.
  2541 | D:3      | Reached skill level 1 in Fighting
  2541 | D:3      | Gained mutation: A weak demonic guardian rushes to your aid. [demonic ancestry]
  2541 | D:3      | Reached XP level 5. HP: 30/37 MP: 0/9
  2542 | D:3      | seriously????
  2559 | D:3      | Learned a level 4 spell: Iskenderun's Mystic Blast
  2559 | D:3      | Quit the game

Vault maps used:
D:1:      tarquinn_simple_flora_water_a
D:2:      gammafunk_temple_overflow_wave, ashenzari_conservatory_becter,
          serial_undead, serial_undead_f, serial_undead_d, serial_undead_d,
          serial_undead_d, minmay_fountain_box
D:3:      lemuel_doored_altar, serial_bayou_pond_b, uniq_grinder

Action                   |  1- 3 |  4- 6 || total
-------------------------+-------+-------++-------
Melee: Short sword       |   127 |       ||   127
       Trident           |     1 |   138 ||   139
 Cast: Magic Dart        |    25 |     7 ||    32
       Searing Ray       |     1 |     2 ||     3
  Use: Scroll            |     4 |       ||     4
 Stab: Sleeping          |     5 |     3 ||     8
  Eat: Chunk             |     3 |     3 ||     6
